FLORIDA vs BOSTON

Created - January 10, 2021 at 07:07

Goals
1 2 3 T
FLORIDA 0 1 0 1
BOSTON 2 1 1 4
Shots
1 2 3 T
FLORIDA 4 12 4 20
BOSTON 16 9 9 34

1st period

1. BOSTON , Ilya Kovalchuk 2 (Filip Hronek 3) at 8:54
2. BOSTON , Reilly Smith 1 (Juuso Valimaki 1, Kevin Fiala 2) at 18:41

Penalties :
Adam Lowry (FLA) for Slashing (Minor) at 1:56

2nd period

3. FLORIDA , Joe Thornton 2 (Patrick Marleau 2, Nate Schmidt 4) at 11:39
4. BOSTON , Miro Heiskanen 3 (Blake Comeau 1, Ivan Barbashev 2) at 14:42

Penalties :
Reilly Smith (BOS) for Holding (Minor) at 3:11

3rd period

5. BOSTON , Victor Olofsson 3 (Juuso Valimaki 2, Casey Mittelstadt 2) at 5:16

Penalties :
Marc Staal (FLA) for Roughing (Minor) at 0:16, Miles Wood (BOS) for Elbowing (Minor) at 2:46, Blake Comeau (BOS) for Tripping (Minor) at 18:59, Alex Galchenyuk (FLA) for Tripping (Minor) at 18:59

Goalie Stats

Jimmy Howard (FLA), 30 saves from 34 shots - (0.882), L, 1-3-1, 60:00 minutes
Martin Jones (BOS), 19 saves from 20 shots - (0.950), W, 4-1-0, 60:00 minutes

Players Stats for FLORIDA

Player Name              G  A  P  +/- PIM S  H  SB GA TA FO     MP     PP MP  PK MP  
------------------------------------------------------------------------------------
Adam Lowry               0  0  0  -1  2   3  4  0  0  0  12/20  17:32   0:00   1:23 
Alex Galchenyuk          0  0  0  -1  2   0  0  0  0  0  0/0    18:20   2:11   0:00 
Brett Ritchie            0  0  0  -1  0   0  0  0  0  0  0/0     8:47   0:00   0:00 
Craig Smith              0  0  0  -1  0   0  0  2  0  0  2/3    18:21   2:11   0:00 
Dante Fabbro             0  0  0  -2  0   0  2  0  0  0  0/0    22:18   2:20   1:52 
Drake Batherson          0  0  0  -1  0   3  0  1  0  0  3/8     9:41   0:25   0:29 
Joakim Nordstrom         0  0  0   0  0   1  0  0  0  0  0/1    10:34   0:00   0:00 
Joe Thornton             1  0  1  -1  0   2  1  0  0  0  14/20  19:10   1:46   1:51 
Justin Schultz           0  0  0  -2  0   2  2  0  0  0  0/0    14:24   0:00   0:00 
Marc Staal               0  0  0   1  2   1  3  1  0  0  0/0    18:59   0:00   0:00 
Markus Granlund          0  0  0  -1  0   1  0  0  0  0  0/0     8:47   0:00   0:00 
Martin Necas             0  0  0  -1  0   5  2  0  0  0  2/6    20:50   1:47   2:30 
Micheal Ferland          0  0  0   0  0   1  3  0  0  0  0/0    10:49   0:00   0:15 
Nate Schmidt             0  1  1   1  0   0  1  2  0  0  0/0    23:53   2:20   2:07 
Patrick Marleau          0  1  1  -1  0   0  0  0  0  0  2/3    18:48   1:47   1:28 
Radim Simek              0  0  0  -2  0   0  0  4  0  0  0/0    18:27   1:38   1:51 
Ryan Donato              0  0  0   0  0   1  0  0  0  0  7/13   13:21   1:47   0:00 
Shayne Gostisbehere      0  0  0  -2  0   0  2  2  0  0  0/0    21:58   1:38   2:06 

Players Stats for BOSTON

Player Name              G  A  P  +/- PIM S  H  SB GA TA FO     MP     PP MP  PK MP  
------------------------------------------------------------------------------------
Alec Martinez            0  0  0   1  0   0  1  1  0  0  0/0    20:13   2:09   2:05 
Aleksi Saarela           0  0  0   0  0   0  0  0  0  0  0/0     0:00   0:00   0:00 
Alexandre Texier         0  0  0   0  0   3  1  0  0  0  4/10   10:14   0:00   0:32 
Andrew Mangiapane        0  0  0   0  0   0  1  0  0  0  0/2     9:42   0:00   0:00 
Blake Comeau             0  1  1   2  2   3  3  0  0  0  0/0    15:03   2:09   0:00 
Casey Mittelstadt        0  1  1   0  0   0  0  0  0  0  6/17   13:07   0:00   0:26 
Filip Hronek             0  1  1   1  0   0  2  0  0  0  0/0    20:13   2:09   2:05 
Filip Zadina             0  0  0   0  0   1  0  0  0  0  0/0     9:42   0:00   0:00 
Ilya Kovalchuk           1  0  1   2  0   2  0  0  0  0  0/1    16:17   2:09   1:13 
Ivan Barbashev           0  1  1   2  0   2  2  0  0  0  8/15   15:04   2:09   0:00 
Ivan Provorov            0  0  0   1  0   3  4  0  0  0  0/0    25:09   1:49   1:53 
Juuso Valimaki           0  2  2   1  0   0  1  0  0  0  0/0    14:38   0:00   0:00 
Kevin Fiala              0  1  1   1  0   3  2  1  0  0  0/2    18:48   1:49   1:13 
Miles Wood               0  0  0   0  2   3  4  0  0  0  1/2    13:24   0:00   0:44 
Miro Heiskanen           1  0  1   1  0   4  2  1  0  0  0/0    25:09   1:49   1:53 
Nicolas Roy              0  0  0   0  0   0  0  0  0  0  0/0     0:00   0:00   0:00 
Philippe Myers           0  0  0   1  0   0  5  2  0  0  0/0    14:38   0:00   0:00 
Reilly Smith             1  0  1   1  2   5  4  1  0  0  0/3    19:37   1:49   1:03 
Victor Olofsson          1  0  1   0  0   2  0  0  0  0  0/0    13:08   0:00   0:27 
William Nylander         0  0  0   1  0   3  2  0  0  0  13/22  20:53   1:49   2:18 

3 Stars

1 - Miro Heiskanen (BOS)
2 - Ilya Kovalchuk (BOS)
3 - Reilly Smith (BOS)

Power Play

FLORIDA - 0 on 2 Attempt(s) - 0.00%
BOSTON - 0 on 2 Attempt(s) - 0.00%

Penalty Kill

FLORIDA - 2 on 2 Attempt(s) - 100.00% - Score 0 goal in Penalty Kill
BOSTON - 2 on 2 Attempt(s) - 100.00% - Score 0 goal in Penalty Kill

Team Stat

FLORIDA - Hits : 20 - Faceoff Wins : 42 - Blocked Shots : 12 - Penalty Minutes : 6
BOSTON - Hits : 34 - Faceoff Wins : 32 - Blocked Shots : 6 - Penalty Minutes : 6

Official

Referees : Michael Markovic and Steve Kozari
Linesman : Steve Barton and Luke Galvin

Game Notes

No Game Note

Finance

Level 1 -- Attendance: 5903 (98.38%) -- Ticket Income $472,240
Level 2 -- Attendance: 4860 (97.20%) -- Ticket Income $267,300
Level 3 -- Attendance: 1792 (89.60%) -- Ticket Income $62,720
Level 4 -- Attendance: 4000 (100.00%) -- Ticket Income $68,000
Luxury Box -- Attendance: 866 (86.60%) -- Ticket Income $155,880
Game was played at the TD Garden.
Total Attendance: 17421 (96.78%)
Total Ticket Income: $1,026,140
Total Income: $1,026,140

FLORIDA

5 vs 5 Forward 
   Center                   Left Wing                Right Wing               Time % Phy DF OF 
 1 Joe Thornton             Patrick Marleau          Martin Necas             35     2   0  3  
 2 Adam Lowry               Alex Galchenyuk          Craig Smith              30     2   0  3  
 3 Ryan Donato              Micheal Ferland          Joakim Nordstrom         20     2   0  3  
 4 Drake Batherson          Markus Granlund          Brett Ritchie            15     2   0  3  

5 vs 5 Defense 
   Defense                  Defense                                           Time % Phy DF OF 
 1 Marc Staal               Nate Schmidt                                      40     3   1  1  
 2 Dante Fabbro             Shayne Gostisbehere                               35     3   1  1  
 3 Radim Simek              Justin Schultz                                    20     3   1  1  
 4 Dante Fabbro             Nate Schmidt                                      5      3   1  1  

PowerPlay Forward 
   Center                   Left Wing                Right Wing               Time % Phy DF OF 
 1 Ryan Donato              Patrick Marleau          Martin Necas             60     1   0  4  
 2 Joe Thornton             Alex Galchenyuk          Craig Smith              40     1   0  4  

PowerPlay Defense
   Defense                  Defense                                           Time % Phy DF OF 
 1 Dante Fabbro             Nate Schmidt                                      60     1   0  4  
 2 Shayne Gostisbehere      Radim Simek                                       40     1   0  4  

Penalty Kill 4 Players Forward 
   Center                   Wing                     Time % Phy DF OF 
 1 Adam Lowry               Martin Necas             60     3   2  0  
 2 Joe Thornton             Patrick Marleau          40     3   2  0  

Penalty Kill 4 Players Defense
   Defense                  Defense                  Time % Phy DF OF 
 1 Dante Fabbro             Nate Schmidt             60     3   2  0  
 2 Shayne Gostisbehere      Radim Simek              40     3   2  0  

Penalty Kill - 3 Players Forward 
   Forward                                           Time % Phy DF OF 
 1 Adam Lowry                                        60     3   2  0  
 2 Martin Necas                                      40     3   2  0  

Penalty Kill - 3 Players Defense
   Defense                  Defense                  Time % Phy DF OF 
 1 Dante Fabbro             Nate Schmidt             60     3   2  0  
 2 Justin Schultz           Radim Simek              40     3   2  0  

4 vs 4 Forward 
   Center                   Wing                     Time % Phy DF OF 
 1 Ryan Donato              Martin Necas             60     1   2  2  
 2 Joe Thornton             Patrick Marleau          40     1   2  2  

4 vs 4 Defense
   Defense                  Defense                  Time % Phy DF OF 
 1 Dante Fabbro             Nate Schmidt             60     1   2  2  
 2 Shayne Gostisbehere      Radim Simek              40     1   2  2  

Last Minutes Offensive
   Center                   Left Wing                Right Wing               Defense                  Defense                  
   Joe Thornton             Patrick Marleau          Martin Necas             Dante Fabbro             Nate Schmidt             

Last Minutes Defensive
   Center                   Left Wing                Right Wing               Defense                  Defense                  
   Joe Thornton             Patrick Marleau          Martin Necas             Dante Fabbro             Nate Schmidt             

Goaltenders
Starting : Jimmy Howard             
Backup : Marc-Andre Fleury        

Extra Forwards
Normal : Drake Batherson, Markus Granlund, Martin Necas - PP : Drake Batherson, Markus Granlund - PK : Martin Necas
Extra Defensemen
Normal : Justin Schultz, Radim Simek, Nate Schmidt - PP : Nate Schmidt - PK : Shayne Gostisbehere, Nate Schmidt
Penalty Shots
Drake Batherson, Martin Necas, Ryan Donato, Patrick Marleau, Nate Schmidt

Scratches
Ilya Lyubushkin (Healthy), FLA Cap Hit (Suspend), Denis Malgin (Healthy)

BOSTON

5 vs 5 Forward 
   Center                   Left Wing                Right Wing               Time % Phy DF OF 
 1 William Nylander         Reilly Smith             Kevin Fiala              35     1   2  2  
 2 Ivan Barbashev           Ilya Kovalchuk           Blake Comeau             30     1   2  2  
 3 Casey Mittelstadt        Miles Wood               Victor Olofsson          25     1   2  2  
 4 Alexandre Texier         Andrew Mangiapane        Filip Zadina             10     1   2  2  

5 vs 5 Defense 
   Defense                  Defense                                           Time % Phy DF OF 
 1 Ivan Provorov            Miro Heiskanen                                    35     1   2  2  
 2 Alec Martinez            Filip Hronek                                      30     1   2  2  
 3 Philippe Myers           Juuso Valimaki                                    25     1   2  2  
 4 Ivan Provorov            Miro Heiskanen                                    10     1   2  2  

PowerPlay Forward 
   Center                   Left Wing                Right Wing               Time % Phy DF OF 
 1 William Nylander         Reilly Smith             Kevin Fiala              60     1   2  2  
 2 Ivan Barbashev           Ilya Kovalchuk           Blake Comeau             40     1   2  2  

PowerPlay Defense
   Defense                  Defense                                           Time % Phy DF OF 
 1 Ivan Provorov            Miro Heiskanen                                    60     1   2  2  
 2 Alec Martinez            Filip Hronek                                      40     1   2  2  

Penalty Kill 4 Players Forward 
   Center                   Wing                     Time % Phy DF OF 
 1 Reilly Smith             William Nylander         60     1   2  2  
 2 Kevin Fiala              Ilya Kovalchuk           40     1   2  2  

Penalty Kill 4 Players Defense
   Defense                  Defense                  Time % Phy DF OF 
 1 Ivan Provorov            Miro Heiskanen           60     1   2  2  
 2 Alec Martinez            Filip Hronek             40     1   2  2  

Penalty Kill - 3 Players Forward 
   Forward                                           Time % Phy DF OF 
 1 Reilly Smith                                      60     1   2  2  
 2 William Nylander                                  40     1   2  2  

Penalty Kill - 3 Players Defense
   Defense                  Defense                  Time % Phy DF OF 
 1 Ivan Provorov            Miro Heiskanen           60     1   2  2  
 2 Alec Martinez            Filip Hronek             40     1   2  2  

4 vs 4 Forward 
   Center                   Wing                     Time % Phy DF OF 
 1 Reilly Smith             William Nylander         60     1   2  2  
 2 Kevin Fiala              Ilya Kovalchuk           40     1   2  2  

4 vs 4 Defense
   Defense                  Defense                  Time % Phy DF OF 
 1 Ivan Provorov            Miro Heiskanen           60     1   2  2  
 2 Alec Martinez            Filip Hronek             40     1   2  2  

Last Minutes Offensive
   Center                   Left Wing                Right Wing               Defense                  Defense                  
   William Nylander         Reilly Smith             Kevin Fiala              Ivan Provorov            Miro Heiskanen           

Last Minutes Defensive
   Center                   Left Wing                Right Wing               Defense                  Defense                  
   William Nylander         Reilly Smith             Kevin Fiala              Ivan Provorov            Miro Heiskanen           

Goaltenders
Starting : Martin Jones             
Backup : Thatcher Demko           

Extra Forwards
Normal : Nicolas Roy, Aleksi Saarela, Miles Wood - PP : Nicolas Roy, Aleksi Saarela - PK : Miles Wood
Extra Defensemen
Normal : Philippe Myers, Juuso Valimaki, Alec Martinez - PP : Philippe Myers - PK : Juuso Valimaki, Alec Martinez
Penalty Shots
Reilly Smith, William Nylander, Kevin Fiala, Ilya Kovalchuk, Blake Comeau

Scratches
BOS Cap Hit (Suspend), Robert Hagg (Healthy), Charlie Lindgren (Healthy)

% Time on Ice - FLORIDA

Lines # - Real PCT - Wanted PCT - Time Play
Normal Forward
1 - 30% - 35% - 15:33
2 - 32% - 30% - 16:10
3 - 21% - 20% - 10:34
4 - 17% - 15% - 8:47
Normal Defense
1 - 37% - 40% - 19:00
2 - 35% - 35% - 17:40
3 - 28% - 20% - 14:24
4 - 0% - 5% - 0:00
PP Forward
1 - 45% - 60% - 1:47
2 - 55% - 40% - 2:11
PP Defense
1 - 59% - 60% - 2:20
2 - 41% - 40% - 1:38
PK Forward
1 - 76% - 60% - 3:00
2 - 24% - 40% - 0:58
PK Defense
1 - 53% - 60% - 2:07
2 - 47% - 40% - 1:51
PK3 Forward
1 - 0% - 60%
2 - 0% - 40%
PK3 Defense
1 - 0% - 60%
2 - 0% - 40%
44 Forward
1 - 100% - 60% - 1:00
2 - 0% - 40% - 0:00
44 Defense
1 - 43% - 60% - 0:26
2 - 57% - 40% - 0:34
Last Minute Offensive  - 0:00
Last Minute Defensive  - 0:00
Total
Forward - 60:00
Defense - 60:00

% Time on Ice - BOSTON

Lines # - Real PCT - Wanted PCT - Time Play
Normal Forward
1 - 31% - 35% - 15:46
2 - 25% - 30% - 12:55
3 - 25% - 25% - 12:41
4 - 19% - 10% - 9:42
Normal Defense
1 - 33% - 35% - 17:04
2 - 31% - 30% - 15:59
3 - 29% - 25% - 14:38
4 - 7% - 10% - 3:23
PP Forward
1 - 46% - 60% - 1:49
2 - 54% - 40% - 2:09
PP Defense
1 - 46% - 60% - 1:49
2 - 54% - 40% - 2:09
PK Forward
1 - 69% - 60% - 2:45
2 - 31% - 40% - 1:13
PK Defense
1 - 47% - 60% - 1:53
2 - 53% - 40% - 2:05
PK3 Forward
1 - 0% - 60%
2 - 0% - 40%
PK3 Defense
1 - 0% - 60%
2 - 0% - 40%
44 Forward
1 - 100% - 60% - 1:00
2 - 0% - 40% - 0:00
44 Defense
1 - 100% - 60% - 1:00
2 - 0% - 40% - 0:00
Last Minute Offensive  - 0:00
Last Minute Defensive  - 0:00
Total
Forward - 60:00
Defense - 60:00

Play-by-Play

1st period


0:01 of 1st period - Joe Thornton wins face-off versus William Nylander in neutral zone.
0:12 of 1st period - Shot by Martin Necas.
0:12 of 1st period - Stopped by Martin Jones without a rebound.
0:13 of 1st period - Adam Lowry wins face-off versus Ivan Barbashev in BOSTON zone.
0:20 of 1st period - Shot by Adam Lowry.
0:20 of 1st period - Stopped by Martin Jones without a rebound.
0:21 of 1st period - Casey Mittelstadt wins face-off versus Ryan Donato in BOSTON zone.
0:21 of 1st period - Casey Mittelstadt is hit by Micheal Ferland.
1:36 of 1st period - Icing by Alex Galchenyuk.
1:37 of 1st period - William Nylander wins face-off versus Adam Lowry in FLORIDA zone.
1:37 of 1st period - Kevin Fiala is hit by Dante Fabbro and loses puck.
1:56 of 1st period - Minor Penalty to Adam Lowry for Slashing.
1:57 of 1st period - Ivan Barbashev wins face-off versus Joe Thornton in FLORIDA zone.
2:18 of 1st period - Shayne Gostisbehere is hit by Ivan Barbashev and loses puck.
2:23 of 1st period - Shot by Filip Hronek.
2:23 of 1st period - Shot Blocked by Shayne Gostisbehere.
2:25 of 1st period - Shot by Alec Martinez.
2:25 of 1st period - Shot Misses the Net.
2:44 of 1st period - Off-side.
2:45 of 1st period - Joe Thornton wins face-off versus Kevin Fiala in neutral zone.
3:14 of 1st period - Shot by Miro Heiskanen.
3:14 of 1st period - Stopped by Jimmy Howard with a rebound.
3:16 of 1st period - Shot by William Nylander.
3:16 of 1st period - Shot Misses the Net.
3:18 of 1st period - Shot by Ivan Provorov.
3:18 of 1st period - Stopped by Jimmy Howard with a rebound.
3:20 of 1st period - Shot by Kevin Fiala.
3:20 of 1st period - Shot Blocked by Nate Schmidt.
3:22 of 1st period - Shot by Reilly Smith.
3:22 of 1st period - Stopped by Jimmy Howard without a rebound.
3:23 of 1st period - Ivan Barbashev wins face-off versus Martin Necas in FLORIDA zone.
3:26 of 1st period - Shot by Blake Comeau.
3:26 of 1st period - Shot Misses the Net.
3:28 of 1st period - Shot by Blake Comeau.
3:28 of 1st period - Stopped by Jimmy Howard with a rebound.
3:30 of 1st period - Shot by Blake Comeau.
3:30 of 1st period - Shot Blocked by Radim Simek.
4:06 of 1st period - Shot by Andrew Mangiapane.
4:06 of 1st period - Shot Misses the Net.
4:08 of 1st period - Shot by Filip Zadina.
4:08 of 1st period - Shot Blocked by Marc Staal.
4:16 of 1st period - Shot by Alexandre Texier.
4:16 of 1st period - Stopped by Jimmy Howard with a rebound.
4:18 of 1st period - Shot by Alexandre Texier.
4:18 of 1st period - Stopped by Jimmy Howard with a rebound.
4:20 of 1st period - Shot by Juuso Valimaki.
4:20 of 1st period - Shot Misses the Net.
5:09 of 1st period - William Nylander is hit by Justin Schultz and loses puck.
5:14 of 1st period - Shot by William Nylander.
5:14 of 1st period - Stopped by Jimmy Howard without a rebound.
5:15 of 1st period - Joe Thornton wins face-off versus Casey Mittelstadt in FLORIDA zone.
7:32 of 1st period - Shot by Kevin Fiala.
7:32 of 1st period - Deflect By William Nylander.
7:32 of 1st period - Stopped by Jimmy Howard without a rebound.
7:33 of 1st period - Alexandre Texier wins face-off versus Drake Batherson in FLORIDA zone.
7:35 of 1st period - Filip Zadina is hit by Marc Staal and loses puck.
7:42 of 1st period - Shot by Andrew Mangiapane.
7:42 of 1st period - Shot Misses the Net.
8:30 of 1st period - William Nylander is hit by Marc Staal and loses puck.
8:37 of 1st period - Shot by William Nylander.
8:37 of 1st period - Shot Misses the Net.
8:39 of 1st period - Shot by Kevin Fiala.
8:39 of 1st period - Stopped by Jimmy Howard without a rebound.
8:40 of 1st period - Patrick Marleau wins face-off versus Ivan Barbashev in FLORIDA zone.
8:54 of 1st period - Shot by Ilya Kovalchuk.
8:54 of 1st period - Goal by Ilya Kovalchuk - FLORIDA : 0 - BOSTON : 1.
8:55 of 1st period - Ryan Donato wins face-off versus William Nylander in neutral zone.
10:37 of 1st period - Shot by Miles Wood.
10:37 of 1st period - Shot Blocked by Radim Simek.
10:45 of 1st period - Shot by Victor Olofsson.
10:45 of 1st period - Stopped by Jimmy Howard without a rebound.
10:46 of 1st period - Alexandre Texier wins face-off versus Adam Lowry in FLORIDA zone.
11:49 of 1st period - Markus Granlund is hit by Filip Hronek and loses puck.
12:16 of 1st period - Shot by Ryan Donato.
12:16 of 1st period - Shot Misses the Net.
12:34 of 1st period - Shot by Justin Schultz.
12:34 of 1st period - Stopped by Martin Jones without a rebound.
12:35 of 1st period - Joe Thornton wins face-off versus Ivan Barbashev in BOSTON zone.
12:38 of 1st period - Shot by Patrick Marleau.
12:38 of 1st period - Shot Misses the Net.
13:44 of 1st period - Shot by Miles Wood.
13:44 of 1st period - Stopped by Jimmy Howard without a rebound.
13:45 of 1st period - William Nylander wins face-off versus Ryan Donato in FLORIDA zone.
13:46 of 1st period - Shot by Reilly Smith.
13:46 of 1st period - Stopped by Jimmy Howard without a rebound.
13:47 of 1st period - Ryan Donato wins face-off versus William Nylander in FLORIDA zone.
14:08 of 1st period - Shot by Justin Schultz.
14:08 of 1st period - Shot Misses the Net.
14:10 of 1st period - Shot by Joakim Nordstrom.
14:10 of 1st period - Deflect By Ryan Donato.
14:10 of 1st period - Shot Blocked by Reilly Smith.
15:10 of 1st period - Ivan Provorov is hit by Adam Lowry and loses puck.
15:32 of 1st period - Icing by Joe Thornton.
15:33 of 1st period - Casey Mittelstadt wins face-off versus Martin Necas in FLORIDA zone.
15:56 of 1st period - Shot by Victor Olofsson.
15:56 of 1st period - Shot Misses the Net.
17:53 of 1st period - Icing by Dante Fabbro.
17:54 of 1st period - Craig Smith wins face-off versus Kevin Fiala in FLORIDA zone.
18:05 of 1st period - Shot by William Nylander.
18:05 of 1st period - Stopped by Jimmy Howard without a rebound.
18:06 of 1st period - Casey Mittelstadt wins face-off versus Drake Batherson in FLORIDA zone.
18:27 of 1st period - Shot by Brett Ritchie.
18:27 of 1st period - Deflect By Drake Batherson.
18:27 of 1st period - Stopped by Martin Jones without a rebound.
18:28 of 1st period - William Nylander wins face-off versus Joe Thornton in BOSTON zone.
18:41 of 1st period - Shot by Reilly Smith.
18:41 of 1st period - Goal by Reilly Smith - FLORIDA : 0 - BOSTON : 2.
18:42 of 1st period - Adam Lowry wins face-off versus Ilya Kovalchuk in neutral zone.
18:42 of 1st period - Craig Smith is hit by Blake Comeau and loses puck.
18:50 of 1st period - Ilya Kovalchuk is hit by Dante Fabbro and loses puck.
19:04 of 1st period - Blake Comeau is hit by Shayne Gostisbehere and loses puck.
19:08 of 1st period - Ilya Kovalchuk is hit by Shayne Gostisbehere and loses puck.
19:23 of 1st period - Shot by Miro Heiskanen.
19:23 of 1st period - Stopped by Jimmy Howard with a rebound.
Goals for this period are 0 for FLORIDA vs 2 for BOSTON.
Shots for this period are 4 for FLORIDA vs 16 for BOSTON.

2nd period


0:01 of 2nd period - William Nylander wins face-off versus Joe Thornton in neutral zone.
1:38 of 2nd period - Adam Lowry is hit by Philippe Myers and loses puck.
1:52 of 2nd period - Shayne Gostisbehere is hit by Ivan Barbashev.
2:04 of 2nd period - Shot by Adam Lowry.
2:04 of 2nd period - Stopped by Martin Jones without a rebound.
2:05 of 2nd period - Ryan Donato wins face-off versus Andrew Mangiapane in BOSTON zone.
2:05 of 2nd period - Ryan Donato is hit by Ivan Provorov.
2:58 of 2nd period - Off-side.
2:59 of 2nd period - Adam Lowry wins face-off versus William Nylander in neutral zone.
2:59 of 2nd period - Craig Smith is hit by Kevin Fiala and loses puck.
3:11 of 2nd period - Minor Penalty to Reilly Smith for Holding.
3:12 of 2nd period - Miles Wood wins face-off versus Joe Thornton in BOSTON zone.
3:36 of 2nd period - Icing by Joe Thornton.
3:37 of 2nd period - Joe Thornton wins face-off versus Miles Wood in FLORIDA zone.
4:41 of 2nd period - Shot by Martin Necas.
4:41 of 2nd period - Shot Misses the Net.
5:21 of 2nd period - Brett Ritchie is hit by Philippe Myers and loses puck.
6:15 of 2nd period - Off-side.
6:16 of 2nd period - Joe Thornton wins face-off versus Alexandre Texier in neutral zone.
6:42 of 2nd period - Patrick Marleau is hit by Miro Heiskanen and loses puck.
6:46 of 2nd period - Joe Thornton is hit by Ivan Provorov and loses puck.
7:18 of 2nd period - Icing by Reilly Smith.
7:19 of 2nd period - William Nylander wins face-off versus Adam Lowry in BOSTON zone.
7:24 of 2nd period - Nate Schmidt is hit by Reilly Smith and loses puck.
7:32 of 2nd period - Icing by Marc Staal.
7:33 of 2nd period - Adam Lowry wins face-off versus Ivan Barbashev in FLORIDA zone.
7:33 of 2nd period - Adam Lowry is hit by Blake Comeau.
7:36 of 2nd period - Nate Schmidt is hit by Blake Comeau and loses puck.
7:50 of 2nd period - Off-side.
7:51 of 2nd period - William Nylander wins face-off versus Ryan Donato in neutral zone.
7:58 of 2nd period - Shot by Kevin Fiala.
7:58 of 2nd period - Stopped by Jimmy Howard without a rebound.
7:59 of 2nd period - William Nylander wins face-off versus Drake Batherson in FLORIDA zone.
8:34 of 2nd period - Shot by Ivan Provorov.
8:34 of 2nd period - Shot Misses the Net.
8:36 of 2nd period - Shot by Miro Heiskanen.
8:36 of 2nd period - Shot Misses the Net.
8:38 of 2nd period - Shot by Ivan Provorov.
8:38 of 2nd period - Shot Blocked by Drake Batherson.
8:40 of 2nd period - Shot by Ivan Provorov.
8:40 of 2nd period - Stopped by Jimmy Howard with a rebound.
8:54 of 2nd period - Shot by Blake Comeau.
8:54 of 2nd period - Shot Misses the Net.
9:08 of 2nd period - Shot by Ilya Kovalchuk.
9:08 of 2nd period - Stopped by Jimmy Howard without a rebound.
9:09 of 2nd period - Joe Thornton wins face-off versus Casey Mittelstadt in FLORIDA zone.
9:09 of 2nd period - Joe Thornton is hit by Miles Wood.
9:19 of 2nd period - Shot by Martin Necas.
9:19 of 2nd period - Stopped by Martin Jones without a rebound.
9:20 of 2nd period - Alexandre Texier wins face-off versus Craig Smith in BOSTON zone.
9:47 of 2nd period - Shot by Filip Zadina.
9:47 of 2nd period - Stopped by Jimmy Howard with a rebound.
9:49 of 2nd period - Shot by Andrew Mangiapane.
9:49 of 2nd period - Shot Blocked by Shayne Gostisbehere.
9:51 of 2nd period - Shot by Filip Zadina.
9:51 of 2nd period - Shot Misses the Net.
9:53 of 2nd period - Shot by Filip Zadina.
9:53 of 2nd period - Shot Misses the Net.
9:55 of 2nd period - Shot by Alec Martinez.
9:55 of 2nd period - Deflect By Alexandre Texier.
9:55 of 2nd period - Stopped by Jimmy Howard without a rebound.
9:56 of 2nd period - Joe Thornton wins face-off versus William Nylander in FLORIDA zone.
9:56 of 2nd period - Joe Thornton is hit by William Nylander.
10:47 of 2nd period - Icing by Miro Heiskanen.
10:48 of 2nd period - William Nylander wins face-off versus Adam Lowry in BOSTON zone.
11:04 of 2nd period - Shot by Ivan Barbashev.
11:04 of 2nd period - Stopped by Jimmy Howard without a rebound.
11:05 of 2nd period - Ivan Barbashev wins face-off versus Ryan Donato in FLORIDA zone.
11:29 of 2nd period - Shot by Micheal Ferland.
11:29 of 2nd period - Shot Misses the Net.
11:31 of 2nd period - Shot by Shayne Gostisbehere.
11:31 of 2nd period - Shot Misses the Net.
11:33 of 2nd period - Shot by Ryan Donato.
11:33 of 2nd period - Stopped by Martin Jones without a rebound.
11:34 of 2nd period - Joe Thornton wins face-off versus Casey Mittelstadt in BOSTON zone.
11:37 of 2nd period - Shot by Patrick Marleau.
11:37 of 2nd period - Shot Blocked by Philippe Myers.
11:39 of 2nd period - Shot by Joe Thornton.
11:39 of 2nd period - Goal by Joe Thornton - FLORIDA : 1 - BOSTON : 2.
11:40 of 2nd period - Joe Thornton wins face-off versus Casey Mittelstadt in neutral zone.
11:51 of 2nd period - Shot by Martin Necas.
11:51 of 2nd period - Shot Misses the Net.
11:57 of 2nd period - Shot by Martin Necas.
11:57 of 2nd period - Shot Hit the Post.
11:59 of 2nd period - Shot by Joe Thornton.
11:59 of 2nd period - Shot Blocked by Philippe Myers.
12:01 of 2nd period - Shot by Marc Staal.
12:01 of 2nd period - Stopped by Martin Jones without a rebound.
12:02 of 2nd period - Adam Lowry wins face-off versus Ivan Barbashev in BOSTON zone.
12:23 of 2nd period - Shot by Adam Lowry.
12:23 of 2nd period - Stopped by Martin Jones without a rebound.
12:24 of 2nd period - Casey Mittelstadt wins face-off versus Joe Thornton in BOSTON zone.
12:24 of 2nd period - Casey Mittelstadt is hit by Martin Necas.
12:27 of 2nd period - Filip Hronek is hit by Martin Necas and loses puck.
12:41 of 2nd period - Icing by Filip Hronek.
12:42 of 2nd period - Casey Mittelstadt wins face-off versus Adam Lowry in BOSTON zone.
12:52 of 2nd period - Icing by Craig Smith.
12:53 of 2nd period - William Nylander wins face-off versus Adam Lowry in FLORIDA zone.
13:00 of 2nd period - Shot by Kevin Fiala.
13:00 of 2nd period - Shot Misses the Net.
13:02 of 2nd period - Shot by Reilly Smith.
13:02 of 2nd period - Stopped by Jimmy Howard without a rebound.
13:03 of 2nd period - Ivan Barbashev wins face-off versus Martin Necas in FLORIDA zone.
13:13 of 2nd period - Icing by Joe Thornton.
13:14 of 2nd period - William Nylander wins face-off versus Joe Thornton in FLORIDA zone.
13:23 of 2nd period - Shot by Joe Thornton.
13:23 of 2nd period - Shot Blocked by Kevin Fiala.
13:25 of 2nd period - Shot by Martin Necas.
13:25 of 2nd period - Shot Misses the Net.
13:27 of 2nd period - Shot by Patrick Marleau.
13:27 of 2nd period - Shot Blocked by Alec Martinez.
13:29 of 2nd period - Shot by Martin Necas.
13:29 of 2nd period - Shot Misses the Net.
14:14 of 2nd period - Miro Heiskanen is hit by Adam Lowry and loses puck.
14:18 of 2nd period - Off-side.
14:19 of 2nd period - Ryan Donato wins face-off versus Casey Mittelstadt in neutral zone.
14:24 of 2nd period - Shot by Micheal Ferland.
14:24 of 2nd period - Stopped by Martin Jones without a rebound.
14:25 of 2nd period - Ryan Donato wins face-off versus Casey Mittelstadt in BOSTON zone.
14:28 of 2nd period - Shot by Micheal Ferland.
14:28 of 2nd period - Deflect By Joakim Nordstrom.
14:28 of 2nd period - Stopped by Martin Jones without a rebound.
14:29 of 2nd period - Craig Smith wins face-off versus Ivan Barbashev in BOSTON zone.
14:38 of 2nd period - Shot by Ivan Barbashev.
14:38 of 2nd period - Stopped by Jimmy Howard with a rebound.
14:40 of 2nd period - Shot by Blake Comeau.
14:40 of 2nd period - Shot Misses the Net.
14:42 of 2nd period - Shot by Miro Heiskanen.
14:42 of 2nd period - Goal by Miro Heiskanen - FLORIDA : 1 - BOSTON : 3.
14:43 of 2nd period - Patrick Marleau wins face-off versus Casey Mittelstadt in neutral zone.
14:45 of 2nd period - Nate Schmidt is hit by Philippe Myers and loses puck.
14:48 of 2nd period - Shot by Joe Thornton.
14:48 of 2nd period - Stopped by Martin Jones with a rebound.
14:59 of 2nd period - Patrick Marleau is hit by Philippe Myers and loses puck.
15:10 of 2nd period - Shot by Martin Necas.
15:10 of 2nd period - Stopped by Martin Jones without a rebound.
15:11 of 2nd period - William Nylander wins face-off versus Ryan Donato in BOSTON zone.
15:19 of 2nd period - Micheal Ferland is hit by Miro Heiskanen and loses puck.
15:42 of 2nd period - Joakim Nordstrom is hit by William Nylander and loses puck.
16:04 of 2nd period - Ivan Provorov is hit by Micheal Ferland and loses puck.
17:14 of 2nd period - Nate Schmidt is hit by Miles Wood and loses puck.
17:41 of 2nd period - Shot by Filip Hronek.
17:41 of 2nd period - Shot Hit the Post.
17:52 of 2nd period - Alex Galchenyuk is hit by Filip Hronek and loses puck.
18:18 of 2nd period - Shot by Markus Granlund.
18:18 of 2nd period - Stopped by Martin Jones without a rebound.
18:19 of 2nd period - Drake Batherson wins face-off versus Alexandre Texier in BOSTON zone.
18:20 of 2nd period - Shot by Justin Schultz.
18:20 of 2nd period - Stopped by Martin Jones without a rebound.
18:21 of 2nd period - Drake Batherson wins face-off versus Alexandre Texier in BOSTON zone.
18:29 of 2nd period - Icing by Miro Heiskanen.
18:30 of 2nd period - Martin Necas wins face-off versus Alexandre Texier in BOSTON zone.
18:42 of 2nd period - Icing by Ivan Provorov.
18:43 of 2nd period - Adam Lowry wins face-off versus Alexandre Texier in BOSTON zone.
18:48 of 2nd period - Shot by Alex Galchenyuk.
18:48 of 2nd period - Shot Misses the Net.
19:34 of 2nd period - Icing by Alexandre Texier.
19:35 of 2nd period - Joe Thornton wins face-off versus Alexandre Texier in BOSTON zone.
19:54 of 2nd period - Off-side.
19:55 of 2nd period - Ivan Barbashev wins face-off versus Ryan Donato in neutral zone.
Goals for this period are 1 for FLORIDA vs 1 for BOSTON.
Shots for this period are 12 for FLORIDA vs 9 for BOSTON.

3rd period


0:01 of 3rd period - Joe Thornton wins face-off versus William Nylander in neutral zone.
0:01 of 3rd period - Patrick Marleau is hit by Reilly Smith.
0:16 of 3rd period - Minor Penalty to Marc Staal for Roughing.
0:17 of 3rd period - Ivan Barbashev wins face-off versus Adam Lowry in FLORIDA zone.
1:20 of 3rd period - Shot by Ivan Provorov.
1:20 of 3rd period - Stopped by Jimmy Howard without a rebound.
1:21 of 3rd period - William Nylander wins face-off versus Patrick Marleau in FLORIDA zone.
1:45 of 3rd period - Off-side.
1:46 of 3rd period - Adam Lowry wins face-off versus Ivan Barbashev in neutral zone.
2:00 of 3rd period - Shot by Blake Comeau.
2:00 of 3rd period - Stopped by Jimmy Howard without a rebound.
2:01 of 3rd period - Martin Necas wins face-off versus William Nylander in FLORIDA zone.
2:07 of 3rd period - Icing by Ivan Provorov.
2:08 of 3rd period - Adam Lowry wins face-off versus William Nylander in BOSTON zone.
2:15 of 3rd period - William Nylander is hit by Adam Lowry.
2:19 of 3rd period - Nate Schmidt is hit by Miles Wood and loses puck.
2:33 of 3rd period - Victor Olofsson is hit by Micheal Ferland and loses puck.
2:40 of 3rd period - Joakim Nordstrom is hit by Miles Wood and loses puck.
2:46 of 3rd period - Minor Penalty to Miles Wood for Elbowing.
2:47 of 3rd period - Joe Thornton wins face-off versus Reilly Smith in BOSTON zone.
3:03 of 3rd period - Shayne Gostisbehere is hit by Ivan Provorov and loses puck.
3:20 of 3rd period - Shot by Alex Galchenyuk.
3:20 of 3rd period - Shot Misses the Net.
3:30 of 3rd period - Radim Simek is hit by Kevin Fiala and loses puck.
4:33 of 3rd period - Shot by Kevin Fiala.
4:33 of 3rd period - Shot Misses the Net.
4:52 of 3rd period - Shot by Markus Granlund.
4:52 of 3rd period - Shot Misses the Net.
4:54 of 3rd period - Shot by Drake Batherson.
4:54 of 3rd period - Stopped by Martin Jones without a rebound.
4:55 of 3rd period - Casey Mittelstadt wins face-off versus Drake Batherson in BOSTON zone.
5:16 of 3rd period - Shot by Victor Olofsson.
5:16 of 3rd period - Goal by Victor Olofsson - FLORIDA : 1 - BOSTON : 4.
5:17 of 3rd period - Adam Lowry wins face-off versus Andrew Mangiapane in neutral zone.
5:58 of 3rd period - Shot by Ivan Provorov.
5:58 of 3rd period - Shot Blocked by Craig Smith.
6:20 of 3rd period - Shot by Reilly Smith.
6:20 of 3rd period - Shot Misses the Net.
6:22 of 3rd period - Shot by Juuso Valimaki.
6:22 of 3rd period - Shot Blocked by Nate Schmidt.
6:43 of 3rd period - Icing by Alex Galchenyuk.
6:44 of 3rd period - Ivan Barbashev wins face-off versus Adam Lowry in FLORIDA zone.
6:45 of 3rd period - Shot by Alec Martinez.
6:45 of 3rd period - Shot Misses the Net.
7:30 of 3rd period - Icing by Nate Schmidt.
7:31 of 3rd period - Adam Lowry wins face-off versus Casey Mittelstadt in FLORIDA zone.
8:03 of 3rd period - Dante Fabbro is hit by Ivan Provorov and loses puck.
8:54 of 3rd period - Justin Schultz is hit by Reilly Smith and loses puck.
9:15 of 3rd period - Shot by Kevin Fiala.
9:15 of 3rd period - Stopped by Jimmy Howard without a rebound.
9:16 of 3rd period - Ivan Barbashev wins face-off versus Drake Batherson in FLORIDA zone.
9:16 of 3rd period - Ivan Barbashev is hit by Justin Schultz.
9:46 of 3rd period - Shot by Drake Batherson.
9:46 of 3rd period - Stopped by Martin Jones with a rebound.
10:18 of 3rd period - Ryan Donato is hit by Andrew Mangiapane and loses puck.
10:43 of 3rd period - Micheal Ferland is hit by Philippe Myers and loses puck.
11:01 of 3rd period - Shot by Miro Heiskanen.
11:01 of 3rd period - Stopped by Jimmy Howard without a rebound.
11:02 of 3rd period - Joe Thornton wins face-off versus Casey Mittelstadt in FLORIDA zone.
11:21 of 3rd period - Shot by Martin Necas.
11:21 of 3rd period - Shot Misses the Net.
11:23 of 3rd period - Shot by Patrick Marleau.
11:23 of 3rd period - Shot Blocked by Miro Heiskanen.
11:29 of 3rd period - Shot by Martin Necas.
11:29 of 3rd period - Stopped by Martin Jones without a rebound.
11:30 of 3rd period - Drake Batherson wins face-off versus William Nylander in BOSTON zone.
12:00 of 3rd period - Markus Granlund is hit by Alec Martinez and loses puck.
12:33 of 3rd period - Shot by Ivan Provorov.
12:33 of 3rd period - Shot Blocked by Radim Simek.
12:35 of 3rd period - Shot by Blake Comeau.
12:35 of 3rd period - Stopped by Jimmy Howard without a rebound.
12:36 of 3rd period - Adam Lowry wins face-off versus Casey Mittelstadt in FLORIDA zone.
12:49 of 3rd period - Shot by Miles Wood.
12:49 of 3rd period - Stopped by Jimmy Howard with a rebound.
13:26 of 3rd period - Ivan Barbashev is hit by Adam Lowry and loses puck.
13:39 of 3rd period - Shot by Ivan Barbashev.
13:39 of 3rd period - Shot Misses the Net.
13:43 of 3rd period - Shot by Blake Comeau.
13:43 of 3rd period - Deflect By Ilya Kovalchuk.
13:43 of 3rd period - Shot Blocked by Craig Smith.
14:19 of 3rd period - Shot by Reilly Smith.
14:19 of 3rd period - Shot Blocked by Radim Simek.
14:35 of 3rd period - Shot by Reilly Smith.
14:35 of 3rd period - Stopped by Jimmy Howard without a rebound.
14:36 of 3rd period - Alexandre Texier wins face-off versus Joakim Nordstrom in FLORIDA zone.
14:46 of 3rd period - Nate Schmidt is hit by Alexandre Texier and loses puck.
15:38 of 3rd period - Juuso Valimaki is hit by Joe Thornton and loses puck.
16:09 of 3rd period - Markus Granlund is hit by Reilly Smith and loses puck.
16:27 of 3rd period - William Nylander is hit by Marc Staal and loses puck.
16:51 of 3rd period - Ivan Barbashev is hit by Nate Schmidt and loses puck.
17:42 of 3rd period - Shot by Miro Heiskanen.
17:42 of 3rd period - Deflect By Miles Wood.
17:42 of 3rd period - Stopped by Jimmy Howard without a rebound.
17:43 of 3rd period - William Nylander wins face-off versus Martin Necas in FLORIDA zone.
17:56 of 3rd period - Shot by William Nylander.
17:56 of 3rd period - Shot Misses the Net.
18:10 of 3rd period - Shot by Martin Necas.
18:10 of 3rd period - Shot Misses the Net.
18:12 of 3rd period - Shot by Martin Necas.
18:12 of 3rd period - Stopped by Martin Jones without a rebound.
18:13 of 3rd period - Adam Lowry wins face-off versus Casey Mittelstadt in BOSTON zone.
18:25 of 3rd period - Adam Lowry is hit by Juuso Valimaki and loses puck.
18:59 of 3rd period - Minor Penalty to Blake Comeau for Tripping.
18:59 of 3rd period - Minor Penalty to Alex Galchenyuk for Tripping.
19:00 of 3rd period - Ryan Donato wins face-off versus Reilly Smith in neutral zone.
19:38 of 3rd period - Icing by Miro Heiskanen.
19:39 of 3rd period - Ryan Donato wins face-off versus Reilly Smith in BOSTON zone.
Goals for this period are 0 for FLORIDA vs 1 for BOSTON.
Shots for this period are 4 for FLORIDA vs 9 for BOSTON.